 Dungeon Crawl Stone Soup version 0.29-a0-22-gbf593b16ee (webtiles) character file.

Game seed: 74828639857809163

144 bande the Covered (level 5, -21/33 HPs)
             Began as a Gargoyle Fighter on Jan 30, 2022.
             Demolished by an ogre (23 damage)
             ... on level 2 of the Dungeon.
             The game lasted 00:05:33 (3756 turns).

bande the Covered (Gargoyle Fighter)                Turns: 3756, Time: 00:05:33

Health: -21/33     AC: 11    Str: 19    XL:     5   Next: 26%
Magic:  5/5        EV:  9    Int:  9    God:
Gold:   156        SH:  5    Dex: 11    Spells: 4/4 levels left

rFire   . . .      SeeInvis .   a - +0 war axe
rCold   . . .      Faith    .   c - +1 buckler
rNeg    + . .      Spirit   .   b - +0 scale mail
rPois   ∞          Reflect  .   (no helmet)
rElec   +          Harm     .   (no cloak)
rCorr   .          Rampage  .   (no gloves)
Will    .....                   (no boots)
Stlth   ..........              (no amulet)
HPRegen 0.11/turn               (no ring)
MPRegen 0.09/turn               (no ring)

@: no status effects
A: sickness immunity, AC +4, negative energy resistance 1, electricity
resistance, torment resistance 1, petrification resistance
a: no special abilities


You were on level 2 of the Dungeon.
You visited 1 branch of the dungeon, and saw 3 of its levels.

You collected 156 gold pieces.

Inventory:

Hand Weapons
 a - a +0 war axe (weapon)
Armour
 b - a +0 scale mail (worn)
 c - a +1 buckler (worn)
Jewellery
 e - a ring of ice
Wands
 j - a wand of iceblast (9)
Scrolls
 f - a scroll of vulnerability {unknown}
 h - a scroll of identify
 k - a scroll of fog
 l - a scroll of blinking {unknown}
Potions
 d - a potion of might
 g - a potion of attraction {unknown}
 i - 2 potions of cancellation
 m - a potion of flight {unknown}


   Skills:
 + Level 3.7 Fighting
 + Level 3.2 Axes
 + Level 4.4 Armour
 - Level 0.4 Dodging
 + Level 3.9 Shields
 * Level 0.3 Evocations


You had 4 spell levels left.
You didn't know any spells.
Your spell library contained the following spells:

 Spells                   Type           Power      Damage    Failure   Level
 Malign Gateway           Summ/Tloc      0%         N/A       100%        7
 Summon Horrible Things   Summ           0%         N/A       100%        8


Dungeon Overview and Level Annotations

Branches:
Dungeon (3/15)

Altars:
Makhleb

Shops:
D:2 (


Innate Abilities, Weirdness & Mutations

You are immune to sickness and miasma.
Your stone body is resilient. (AC +4)
You are immune to poison.
You resist negative energy. (rN+)
You are resistant to electric shocks. (rElec)
You are resistant to unholy torment.
You are immune to petrification.


Message History

You closely miss the orc. You block the orc's attack.
The endoplasm jiggles.
The endoplasm freezes you.
You are frozen.
Found a scroll of identify.
The endoplasm freezes you.
You are frozen.
There is an open door here.
There is an open door here.
There is an open door here.
There is a stone staircase leading up here.
The orc barely misses you.
You climb upwards.
There is a stone staircase leading down here.
You slash the orc!
You kill the orc!
No target in view!
You start resting.
HP restored.
You climb downwards.
The ogre closely misses you. You block the goblin's attack.
The kobold throws a stone.
You block the stone.
There is a stone staircase leading up here.
The ogre hits you with a +0 giant club! The goblin hits you but does no damage.
You climb upwards.
There is a stone staircase leading down here.
Unknown command.
You barely miss the ogre. You hit the goblin.
You kill the goblin!
The ogre hits you with a +0 giant club.
You barely miss the ogre. The ogre misses you.
You closely miss the ogre. You block the ogre's attack.
You slash the ogre!
The ogre is moderately wounded.
The ogre hits you with a +0 giant club!
* * * LOW HITPOINT WARNING * * *
You slash the ogre!
The ogre is heavily wounded.
The ogre hits you with a +0 giant club!!
Ouch! That really hurt!
You die...

# #.# #.#...# #..(...#... # #.#
#.#...# #......###. # #.#
###.....# #.########.
#####.#######.......# #..........
.............###....# ###########
####....#..#####....###..........
#....................#######..
####......#......####...# ##.
#....#.#..#.#@).## #.#.# #.
#.##....)##.O...# ###.# ##
#.##.#.#...####### #.#
#.##.......#...#.# #.#
#.########.#.#.#.# #.# #.#
#.#.#.#.# #.# ####.# #...#.#.#
#.# .....# #####.#.# #.# ####.#
#...#############


You could see an ogre.

Vanquished Creatures
  Jessica (D:3)
  5 adders
  2 worms
  A dart slug (D:1)
  An orc (D:2)
  7 ball pythons
  9 bats
  5 endoplasms
  3 giant cockroaches
  6 goblins
  6 hobgoblins
  11 kobolds
  2 frilled lizards
  4 rats
63 creatures vanquished.

Vanquished Creatures (others)
  3 plants (D:1)
3 creatures vanquished.

Grand Total: 66 creatures vanquished

Notes
Turn   | Place    | Note
-------+----------+-------------------------------------------
     0 | D:1      | bande the Gargoyle Fighter began the quest for the Orb.
     0 | D:1      | Reached XP level 1. HP: 14/14 MP: 1/1
   264 | D:1      | Reached XP level 2. HP: 18/19 MP: 2/2
   358 | D:1      | Found a faded altar of an unknown god.
   861 | D:1      | Reached XP level 3. HP: 21/23 MP: 3/3
  1821 | D:2      | Reached skill level 4 in Armour
  2143 | D:2      | Reached XP level 4. HP: 28/28 MP: 4/4
  2346 | D:2      | Found Waucemeq's Antique Weapon Emporium.
  2835 | D:3      | Noticed Jessica
  2846 | D:3      | Killed Jessica
  3130 | D:3      | Found a burning altar of Makhleb.
  3422 | D:3      | Reached XP level 5. HP: 30/33 MP: 5/5
  3681 | D:3      | Noticed an ogre
  3756 | D:2      | Demolished by an ogre

Illustrated notes

Levels and vault maps discovered:
D:1:      matt_arrival_refuge, layout_basic,
          shapermc_ecumenical_altar_mp_ritualfount
D:2:      layout_rooms, serial_shops, shop, serial_co_window_serial,
          co_window_corner_a, co_window_of_opportunity_a,
          co_window_of_opportunity_a, co_window_paths_a, co_window_cross_1,
          co_window_paths_b, co_window_of_opportunity_a, co_window_broadway_c,
          co_window_corner_b, co_window_broadway_a, co_window_2corner,
          co_window_unsneaky_path_b, co_window_unsneaky_path_a,
          co_window_broadway_b, glass_columns_a, glass_columns_a,
          glass_columns_b, glass_columns_a, glass_columns_c,
          amcnicky_mini_rare_corridor_liquid, minmay_pentomino_u2
D:3:      minmay_bubble_buster, layout_loops_cross, lemuel_tele_altar,
          minmay_distorted, uniq_jessica

Skill      XL: |  1  2  3  4 |
---------------+-------------+-----
Axes           | 2 3 |  3.2
Armour         | 4 |  4.4
Fighting       | |  3.7
Dodging        | |  0.4
Shields        | |  3.9
Evocations     | |  0.3

Action                   |  1- 3 |  4- 6 || total
-------------------------+-------+-------++-------
Melee: War axe           |   101 |    79 ||   180
  Use: Scroll            |       |     6 ||     6
Armor: Scale mail        |    47 |    47 ||    94
Dodge: Dodged            |    50 |    40 ||    90
Block: Buckler           |    15 |    29 ||    44

Table legend: (Time is in decaauts)
 A = Elapsed time spent in this place.
 B = Non-inter-level travel time spent in this place.
 C = Inter-level travel time spent in this place.
 D = Time resting spent in this place.
 E = Time spent auto-exploring this place.
 F = Levels seen in this place.
 G = Mean time per level.
                   A        B        C        D        E       F      G
               +--------+--------+--------+--------+--------+-----+--------+
         Total |   3833 |   3757 |     76 |    523 |   2662 |   3 | 1277.7 |
       Dungeon |   3833 |   3757 |     76 |    523 |   2662 |   3 | 1277.7 |
               +--------+--------+--------+--------+--------+-----+--------+

Top non-repeatable levels by time:
     D:2: 1457 daAuts
     D:1: 1445 daAuts
     D:3: 929 daAuts
